 Dungeon Crawl Stone Soup version 0.25.1-2-g60ff931df9 (webtiles) character file.

Game seed: 9255583303199243309

144 Exodus22XD the Slasher (level 5, -6/42 HPs)
             Began as a Human Berserker on Oct 24, 2020.
             Was a Believer of Trog.
             Mangled by a wight
             ... wielding a +4 halberd
              (12 damage)
             ... on level 3 of the Dungeon.
             The game lasted 00:03:02 (2371 turns).

Exodus22XD the Slasher (Human Berserker)            Turns: 2371, Time: 00:03:04

Health: -6/42      AC:  4    Str: 18    XL:     5   Next: 51%
Magic:  5/5        EV: 12    Int:  7    God:    Trog [**....]
Gold:   83         SH:  0    Dex: 13    Spells: 4/4 levels left

rFire    . . .     SeeInvis .   a - +0 falchion
rCold    . . .     Gourm    .   (no shield)
rNeg     . . .     Faith    .   j - +0 leather armour
rPois    .         Spirit   .   (no helmet)
rElec    .         Reflect  .   (no cloak)
rCorr    .         Harm     .   g - +0 pair of gloves
MR       .....                  (no boots)
Stlth    +.........             (no amulet)
HPRegen  0.14/turn              (no ring)
MPRegen  0.09/turn              (no ring)

@: berserk cooldown, slowed, lightly drained, very slow
A: no striking features
a: Berserk, Trog's Hand, Renounce Religion


You were on level 3 of the Dungeon.
You worshipped Trog.
Trog was pleased with you.
You were very hungry.

You visited 1 branch of the dungeon, and saw 3 of its levels.

You collected 83 gold pieces.

Inventory:

Hand Weapons
 a - a +0 falchion (weapon)
Armour
 g - a +0 pair of gloves (worn)
 j - a +0 leather armour (worn)
Scrolls
 d - a scroll of noise {unknown}
 e - a scroll of amnesia {unknown}
 f - a scroll of enchant weapon {unknown}
 h - 3 scrolls of remove curse {unknown}
 k - a scroll of identify {unknown}
 n - a scroll of random uselessness {unknown}
 r - a scroll of teleportation {unknown}
Potions
 b - 2 potions of curing {unknown}
 i - a potion of brilliance {unknown}
 l - a potion of flight {unknown}
 m - a potion of degeneration {unknown}
 o - 2 potions of lignification {unknown}
 q - a potion of ambrosia {unknown}
Comestibles
 c - 8 rations
 p - 2 chunks of flesh


   Skills:
 + Level 3.8(3.5) Fighting
 + Level 4.6(4.3) Long Blades
 + Level 2.6(2.3) Armour
 + Level 2.4(2.1) Dodging


You had 4 spell levels left.
You didn't know any spells.
Your spell library was empty.

Dungeon Overview and Level Annotations

Branches:
Dungeon (3/15)

Altars:
Kikubaaqudgha
Yredelemnul
The Shining One


Message History

Trog accepts your kill.
The wight hits you from afar with a +4 halberd.
The wight barely misses you.
You closely miss the wight.
The wight hits you from afar with a +4 halberd!
The wight hits you with a +2 hand axe.
You feel drained.
You hit the wight but do no damage. You closely miss the wight.
The wight hits you from afar with a +4 halberd!
* * * LOW HITPOINT WARNING * * *
The wight barely misses you.
You slash the wight!
The wight is severely damaged.
You hit the wight but do no damage.
The wight is severely damaged.
You are no longer berserk.
You are exhausted.
You feel yourself slow down.
The wight hits you from afar with a +4 halberd!
You die...

#.#.....#..#...#..#...
####.......#...8...#....
#.#.....###.##...##.###..
##....####.#.##.## #.#
###### ######.# ## #..#
##.## ###+######..#
#.<..)@....##
#...z.z##### ........#
........# ........#
..####### #


You could see 2 wights.

Vanquished Creatures
  2 wights (D:3)
  2 worms (D:2)
  A dart slug (D:1)
  2 orcs (D:3)
  3 giant cockroaches
  6 hobgoblins
  10 jackals
  5 kobolds
  2 ball pythons
  10 bats
  4 frilled lizards
  A goblin (D:3)
  2 rats (D:1)
50 creatures vanquished.

Notes
Turn   | Place    | Note
-------+----------+-------------------------------------------
     0 | D:1      | Exodus22XD the Human Berserker began the quest for the Orb.
     0 | D:1      | Reached XP level 1. HP: 18/18 MP: 1/1
   188 | D:1      | Reached XP level 2. HP: 16/24 MP: 2/2
   449 | D:1      | Reached XP level 3. HP: 29/29 MP: 3/3
   991 | D:2      | Found a basalt altar of Yredelemnul.
  1714 | D:3      | Reached XP level 4. HP: 36/36 MP: 4/4
  2075 | D:3      | Found an ancient bone altar of Kikubaaqudgha.
  2085 | D:3      | Reached ** piety under Trog
  2101 | D:3      | Found a glowing golden altar of the Shining One.
  2360 | D:3      | Reached skill level 4 in Long Blades
  2360 | D:3      | Reached XP level 5. HP: 42/42 MP: 5/5
  2371 | D:3      | Mangled by a wight

Illustrated notes

Levels and vault maps discovered:
D:1:      dpeg_arrival_refuge, layout_rooms
D:2:      layout_rooms, nicolae_overflow_hidden_temple
D:3:      wad_crossroads, layout_basic, nicolae_overflow_crystal_walls,
          eat_drink_and_be_merry_uskayaw, tso_altar, first_ration

Skill      XL: |  1  2  3  4 |
---------------+-------------+-----
Long Blades    | 4 |  4.6
Fighting       | |  3.8
Armour         | |  2.6
Dodging        | |  2.4

Action                   |  1- 3 |  4- 6 || total
-------------------------+-------+-------++-------
Melee: Falchion          |    96 |    49 ||   145
Invok: Berserk           |     3 |     1 ||     4
  Eat: Chunk             |     5 |     2 ||     7
Armor: Animal skin       |     2 |       ||     2
       Leather armour    |    19 |     6 ||    25
Dodge: Dodged            |    67 |    34 ||   101
       Rpst.: Falchion   |    18 |     8 ||    26
